 Dungeon Crawl Stone Soup version 0.28-a0-834-g1a73be5ee4 (webtiles) character file.

Game seed: 15460418775970177911

38735 ders the Geomancer (level 14, -2/72 HPs)
             Began as a Gargoyle Earth Elementalist on Nov 11, 2021.
             Was a Priest of Vehumet.
             Slain by a four-headed hydra (7 damage)
             ... on level 6 of the Lair of Beasts.
             The game lasted 00:50:18 (22724 turns).

ders the Geomancer (Gargoyle Earth Elementalist)   Turns: 22724, Time: 00:50:19

Health: -2/72      AC: 17    Str: 13    XL:     14   Next: 3%
Magic:  13/31      EV: 12    Int: 20    God:    Vehumet [***...]
Gold:   465        SH:  5    Dex: 10    Spells: 19/39 levels left

rFire   + + .      SeeInvis .   O - staff of conjuration
rCold   . . .      Faith    .   q - +1 buckler
rNeg    + . .      Spirit   .   p - +2 robe {rC+ rF+}
rPois   ∞          Reflect  .   S - +1 hat
rElec   +          Harm     .   (no cloak)
rCorr   .          Rampage  .   t - +0 pair of gloves
Will    +....                   K - +0 pair of boots {Stlth+}
Stlth   ++++......              o - amulet of magic regeneration
HPRegen 0.22/turn               a - ring of fire
MPRegen 0.47/turn               (no ring)

@: about to teleport, flying
A: sickness immunity, AC +10, big wings, negative energy resistance 1,
electricity resistance, torment resistance 1, petrification resistance
a: Renounce Religion


You were on level 6 of the Lair of Beasts.
You worshipped Vehumet.
Vehumet was most pleased with you.
You visited 3 branches of the dungeon, and saw 19 of its levels.
You also visited: Ossuary.

You collected 1167 gold pieces.
You spent 702 gold pieces at shops.

Inventory:

Hand Weapons
 h - a +2 vampiric short sword
Missiles
 w - 283 stones
 H - 10 boomerangs
 I - 3 throwing nets
Armour
 n - a +0 leather armour of cold resistance
 p - a +2 robe of resistance (worn)
 q - a +1 buckler (worn)
 t - a +0 pair of gloves (worn)
 K - a +0 pair of boots of stealth (worn)
 S - a +1 hat (worn)
 T - a +2 kite shield
Magical Staves
 O - a staff of conjuration (weapon)
Jewellery
 a - a ring of fire (left hand)
 c - a ring of ice
 i - a +4 ring of evasion
 o - an amulet of magic regeneration (around neck)
 B - a +4 ring of protection
 W - a ring of flight
Wands
 s - a wand of digging (16)
 y - a wand of charming (7)
 N - a wand of iceblast (7)
 P - a wand of polymorph (16)
 Q - a wand of acid (8)
 U - a wand of mindburst (16)
 V - a wand of flame (22)
Scrolls
 b - 3 scrolls of fog
 d - 6 scrolls of enchant weapon
 g - 2 scrolls of torment {unknown}
 l - 2 scrolls of teleportation
 D - a scroll of magic mapping
 E - 2 scrolls of enchant armour
 F - a scroll of noise {unknown}
 G - 10 scrolls of identify
 L - a scroll of acquirement {unknown}
Potions
 e - 7 potions of curing
 f - a potion of heal wounds
 j - 3 potions of lignification {unknown}
 k - 3 potions of degeneration {unknown}
 m - 4 potions of might {unknown}
 r - 2 potions of mutation {unknown}
 u - 2 potions of haste {unknown}
 v - 2 potions of brilliance {unknown}
 x - a potion of cancellation {unknown}
 z - 2 potions of attraction {unknown}
 A - 2 potions of resistance {unknown}
 C - a potion of ambrosia {unknown}
 J - a potion of magic {unknown}
 M - 2 potions of invisibility {unknown}
 R - a potion of flight {unknown}


   Skills:
 + Level 2.2 Fighting
 + Level 1.5 Short Blades
 + Level 0.2 Staves
 + Level 1.4 Armour
 + Level 1.8 Dodging
 + Level 5.2 Stealth
 - Level 4.0 Shields
 + Level 13.1 Spellcasting
 * Level 13.4 Conjurations
 + Level 1.0 Transmutations
 * Level 5.9 Fire Magic
 + Level 14.6 Earth Magic


You had 19 spell levels left.
You knew the following spells:

 Your Spells              Type           Power      Damage    Failure   Level
a - Fireball              Conj/Fire      43%        3d17      1%          5
b - Stone Arrow           Conj/Erth      100%       3d13      1%          3
c - Petrify               Tmut/Erth      44%        N/A       1%          4
d - Sandblast             Erth           100%       2d20      0%          1
e - Orb of Destruction    Conj           39%        9d13      4%          7

Your spell library contained the following spells:

 Spells                   Type           Power      Damage    Failure   Level
 Ignite Poison            Fire/Tmut/Pois 33%        N/A       1%          3
 Magic Dart               Conj           100%       1d8       0%          1
 Passwall                 Tmut/Erth      36%        N/A       1%          2
 Searing Ray              Conj           100%       2d8       1%          2
 Dazzling Flash           Conj/Hex       100%       N/A       1%          3
 Fulminant Prism          Conj/Hex       28%        3d14      1%          4
 Iskenderun's Battlesphe  Conj           79%        2d13      1%          5
 Poisonous Vapours        Pois/Air       26%        N/A       2%          2
 Pain                     Necr           52%        1d6       4%          1
 Slow                     Hex            52%        N/A       4%          1
 Corpse Rot               Necr/Air       26%        N/A       8%          2
 Ensorcelled Hibernation  Hex/Ice        26%        N/A       8%          2
 Conjure Ball Lightning   Conj/Air       28%        3x3d8     13%         6
 Confusing Touch          Hex            13%        N/A       16%         3
 Gell's Gravitas          Tloc           13%        N/A       16%         3
 Lesser Beckoning         Tloc           13%        N/A       16%         3
 Teleport Other           Tloc           13%        N/A       16%         3
 Tukima's Dance           Hex            13%        N/A       16%         3
 Yara's Violent Unravell  Hex/Tmut       7%         3d5       28%         5
 Agony                    Necr           13%        N/A       80%         5
 Excruciating Wounds      Necr           6%         N/A       80%         5
 Silence                  Hex/Air        6%         N/A       80%         5


Dungeon Overview and Level Annotations

Branches:
Dungeon (12/15)            Temple (1/1) D:7            Lair (6/6) D:9
  Swamp (0/4) Lair:4        Snake (0/4) Lair:3        Slime (0/5) Lair:6
Ossuary (visited)
    Orc: D:9-12

Altars:
Ashenzari
Cheibriados
Dithmenos
Elyvilon
Fedhas
Gozag
Hepliaklqana
Kikubaaqudgha
Makhleb
Nemelex Xobeh
Okawaru
Qazlal
Ru
Sif Muna
Trog
Uskayaw
Vehumet
Wu Jian
Xom
Yredelemnul
Zin
The Shining One
Jiyva

Shops:
D:2 :?   D:3 !   D:7 *   D:11 !

Annotations:
D:8 3 runed translucent doors, exclusion: ice statue, SirDiesAlot's ghost, novice MiDe
D:9 exclusion: ice statue
Lair:2 2 transporters, BinderThree's ghost, journeyman DsBe
Lair:4 3 runed translucent doors, Bravepunisher's ghost, journeyman SpMo
Lair:5 2 transporters, exclusion: ice statue, Denysae's ghost, journeyman OgAr


Innate Abilities, Weirdness & Mutations

You are immune to sickness and miasma.
Your stone body is resilient. (AC +10)
You are immune to poison.
Your large and strong wings let you fly.
You resist negative energy. (rN+)
You are resistant to electric shocks. (rElec)
You are resistant to unholy torment.
You are immune to petrification.


Message History

Aim: a black mamba (heavily wounded, 63% to hit)
You feel a surge of power!
The stone arrow hits the black mamba!
The black mamba is severely wounded.
You block the black mamba's attack.
Unknown command.
Casting: Stone Arrow (safe; 1% risk of failure)
Confirm with . or Enter, or press ? or * to list all spells.
Aiming: Stone Arrow (safe; 1% risk of failure)
Press: ? - help, Shift-Dir - straight line, f/p - black mamba
Aim: a black mamba (severely wounded, 63% to hit)
You feel a surge of power!
The stone arrow misses the black mamba.
The black mamba bites you! x2
Unknown command.
The black mamba bites you.
The black mamba bites you but does no damage.
You block the black mamba's attack. The black mamba bites you!
The black mamba closely misses you.
The black mamba bites you but does no damage.
The black mamba bites you but does no damage.
The black mamba bites you!
* * * LOW HITPOINT WARNING * * *
You feel much better.
The black mamba bites you but does no damage.
The black mamba bites you! You block the black mamba's attack.
The black mamba closely misses you. The komodo dragon bites you!!
* * * LOW HITPOINT WARNING * * *
The black mamba bites you!
* * * LOW HITPOINT WARNING * * *
You feel much better. You block the black mamba's attack.
The komodo dragon bites you!
* * * LOW HITPOINT WARNING * * *
You block the black mamba's attack.
As you read the scroll of teleportation, it crumbles to dust.
You feel strangely unstable. The black mamba bites you!
* * * LOW HITPOINT WARNING * * *
The komodo dragon barely misses you. The four-headed hydra bites you!
You die...

###♣♣# ##.........## ##P...♣##
##...#.P.....#
###♣P.#....♣####♣##.P...#.....##
......####....................#
....### #..................÷.##
..#.# ##................÷...###
.#..#####.#.##..P........÷...P#.#
#...........#....D.............##
................@S....P........#
.................l............##
...............................#
..............#......P........P#
...........P.#.................##
P......#..#......#..............#
#.............................P##
..............................##
#.....................P.......#


You could see a four-headed hydra, a komodo dragon and a black mamba.

Vanquished Creatures
  Gastronok (Lair:3)
  Harold (Lair:2)
  A boulder beetle (D:10)
  A hydra (Lair:3)
  A two-headed ogre (D:9)
  2 death yaks (Lair:5)
  The ghost of Pooter the Grave Robber, a novice DsNe of Yredelemnul (D:11)
  A spectral dire elephant (Lair:6)
  2 bog bodies (Lair:4)
  A deep elf pyromancer (D:10)
  An ugly thing (D:11)
  A cyclops (D:11)
  2 oklob plants (Lair:2)
  5 elephants
  A dire elephant zombie (Lair:6)
  4 black mambas
  A torpor snail (Lair:5)
  11 cane toads
  7 komodo dragons
  An unseen horror (D:11)
  A freezing wraith (Lair:5)
  5 ice devils (D:9)
  7 polar bears
  A hornet (D:9)
  A troll (D:9)
  A slime creature (D:11)
  16 blink frogs
  5 dream sheep (Lair:5)
  Sigmund (D:4)
  2 shadows
  29 yaks
  A centaur simulacrum (D:11)
  A vampire (D:10)
  3 wyverns
  2 basilisks
  2 steam dragons (D:6)
  3 nagas (Lair:3)
  9 water moccasins
  Duvessa (D:7)
  6 ice beasts
  7 black bears
  4 orc warriors
  An ogre (D:4)
  A sky beast (D:6)
  A necrophage (D:5)
  4 wolves
  4 centaurs
  2 phantoms
  Blork the orc (D:6)
  2 elf zombies (Ossuary)
  3 gnoll sergeants
  17 bullfrogs
  Dowan (D:7)
  9 killer bees
  9 wights (D:7)
  A howler monkey (D:9)
  5 electric eels
  A bullfrog zombie (D:5)
  A human zombie (Ossuary)
  4 jellies
  5 hounds
  4 centaur zombies
  2 orc priests
  A centaur skeleton (D:7)
  5 iguanas
  5 orc wizards
  A howler monkey zombie (D:10)
  2 mummies (Ossuary)
  Robin (D:2)
  9 adders
  18 gnolls
  A howler monkey skeleton (D:5)
  2 shadow imps (D:6)
  3 white imps
  8 ufetubi
  An adder zombie (Ossuary)
  An adder skeleton (D:4)
  2 worms
  A dart slug (D:1)
  29 orcs
  2 ball pythons
  10 endoplasms
  A giant cockroach (D:1)
  14 goblins
  11 hobgoblins
  6 jackals
  A quokka (D:3)
  5 bats
  3 frilled lizards
  2 goblin zombies (Ossuary)
  11 hobgoblin zombies (Ossuary)
  2 jackal zombies (Ossuary)
  7 kobolds
  11 kobold zombies (Ossuary)
  6 orc zombies (Ossuary)
  8 rats
422 creatures vanquished.

Vanquished Creatures (collateral kills)
  A water moccasin (D:6)
1 creature vanquished.

Vanquished Creatures (others)
  A water moccasin (D:6)
  22 fungi
  18 plants
  9 withered plants (Lair:6)
50 creatures vanquished.

Grand Total: 473 creatures vanquished

Notes
Turn   | Place    | Note
-------+----------+-------------------------------------------
     0 | D:1      | ders the Gargoyle Earth Elementalist began the quest for
                  | the Orb.
     0 | D:1      | Reached XP level 1. HP: 10/10 MP: 3/3
   134 | D:1      | Reached XP level 2. HP: 15/15 MP: 3/5
   170 | D:1      | Reached skill level 4 in Earth Magic
   484 | D:1      | Reached XP level 3. HP: 19/19 MP: 4/6
  1184 | D:2      | Reached XP level 4. HP: 23/24 MP: 2/8
  1302 | D:2      | Found Vuxusyudgh's Magic Scroll Emporium.
  1678 | D:2      | Noticed Robin
  1772 | D:2      | Killed Robin
  1773 | D:2      | Reached skill level 5 in Earth Magic
  1910 | D:2      | Found Hobol's Book Shop.
  2300 | D:3      | Learned a level 3 spell: Stone Arrow
  2439 | D:3      | Reached XP level 5. HP: 3/28 MP: 2/10
  2804 | D:3      | Reached skill level 1 in Conjurations
  2882 | D:3      | Found Zocud's Distillery.
  3231 | D:4      | Noticed a black bear
  3235 | D:4      | Noticed a phantom
  3237 | D:4      | Killed a black bear
  3238 | D:4      | Reached skill level 1 in Armour
  3238 | D:4      | Reached XP level 6. HP: 22/32 MP: 0/11
  3387 | D:4      | Reached skill level 6 in Earth Magic
  3595 | D:4      | Reached XP level 7. HP: 36/36 MP: 11/13
  4164 | D:4      | Reached skill level 5 in Spellcasting
  4311 | D:4      | Noticed Sigmund
  4314 | D:4      | Killed Sigmund
  4315 | D:4      | Reached skill level 7 in Earth Magic
  4599 | D:5      | Entered Level 5 of the Dungeon
  4605 | D:5      | Learned a level 4 spell: Petrify
  4634 | D:5      | Reached XP level 8. HP: 42/42 MP: 9/16
  4784 | D:5      | Reached skill level 1 in Shields
  5313 | D:5      | Reached skill level 8 in Earth Magic
  6000 | D:6      | Reached skill level 5 in Conjurations
  6000 | D:6      | Reached XP level 9. HP: 18/46 MP: 3/18
  6597 | D:6      | Found a glowing golden altar of the Shining One.
  6938 | D:6      | Noticed Blork the orc
  6942 | D:6      | Killed Blork the orc
  7390 | D:7      | Found Eciwn's General Store.
  7398 | D:7      | Reached skill level 9 in Earth Magic
  7845 | D:7      | Found a staircase to the Ecumenical Temple.
  7849 | D:7      | Noticed Dowan
  7852 | D:7      | Noticed Duvessa
  7864 | Temple   | Entered the Ecumenical Temple
  7870 | D:7      | Killed Duvessa
  7871 | D:7      | Killed Dowan
  8035 | D:7      | Reached XP level 10. HP: 45/51 MP: 10/22
  8755 | D:8      | Found a sand-covered staircase.
  8761 | Ossuary  | Entered an ossuary
  9585 | D:8      | Noticed an ice statue
  9661 | D:8      | Noticed an 11-headed hydra
  9662 | D:8      | Noticed SirDiesAlot's ghost (novice MiDe)
  9663 | D:8      | Found a runed translucent gate.
  9663 | D:8      | Found a runed translucent gate.
  9663 | D:8      | Found a runed translucent gate.
 10016 | D:9      | Reached skill level 10 in Earth Magic
 10413 | D:9      | Noticed a two-headed ogre
 10418 | D:9      | Killed a two-headed ogre
 10419 | D:9      | Reached skill level 1 in Fighting
 10915 | D:9      | Found a staircase to the Lair.
 11059 | D:9      | Noticed an ice statue
 11079 | D:9      | Reached XP level 11. HP: 56/56 MP: 2/24
 11313 | D:9      | Reached skill level 10 in Spellcasting
 11351 | D:9      | Reached skill level 11 in Earth Magic
 11727 | Temple   | Became a worshipper of Vehumet
 12022 | D:10     | Entered Level 10 of the Dungeon
 12022 | D:10     | Noticed a boulder beetle
 12335 | D:10     | Killed a boulder beetle
 12336 | D:10     | Reached skill level 1 in Short Blades
 12336 | D:10     | Reached skill level 1 in Transmutations
 12508 | D:10     | Noticed a deep elf pyromancer
 12516 | D:10     | Killed a deep elf pyromancer
 12817 | D:10     | Found a broken altar of Ashenzari.
 12975 | D:10     | Found a burning altar of Makhleb.
 13021 | D:10     | Found an ornate altar of the Wu Jian Council.
 13357 | D:11     | Found Ewkifuops's Distillery.
 13668 | D:11     | Found a runed translucent door.
 13750 | D:11     | Noticed Pooter's ghost (novice DsNe)
 13954 | D:11     | Noticed a cyclops
 13958 | D:11     | Killed a cyclops
 13958 | D:11     | Noticed a green ugly thing
 13963 | D:11     | Killed a green ugly thing
 14360 | D:11     | Killed Pooter's ghost
 14361 | D:11     | Reached skill level 10 in Conjurations
 14439 | D:12     | Noticed a skeletal warrior
 14439 | D:12     | Noticed a green ugly thing
 14512 | Lair:1   | Entered Level 1 of the Lair of Beasts
 14608 | Lair:1   | Reached skill level 12 in Earth Magic
 14827 | D:9      | Reached XP level 12. HP: 59/62 MP: 13/26
 15155 | Lair:1   | Reached * piety under Vehumet
 15155 | Lair:1   | Offered knowledge of Shock by Vehumet.
 16169 | Lair:2   | Noticed Harold
 16178 | Lair:2   | Killed Harold
 16179 | Lair:2   | Reached skill level 13 in Earth Magic
 16341 | Lair:2   | Found a blossoming altar of Fedhas.
 16650 | Lair:2   | Found a transporter.
 16853 | D:2      | Bought a book of the Spheres for 702 gold pieces
 16859 | D:2      | Learned a level 5 spell: Fireball
 16867 | D:2      | Learned a level 7 spell: Orb of Destruction
 17123 | Lair:2   | Found a transporter.
 17127 | Lair:2   | Noticed BinderThree's ghost (journeyman DsBe)
 17133 | Lair:2   | Found a bloodstained altar of Trog.
 17133 | Lair:2   | Noticed a spriggan berserker
 17330 | Lair:2   | Reached skill level 1 in Fire Magic
 18112 | Lair:3   | Noticed a four-headed hydra
 18128 | Lair:3   | Killed a four-headed hydra
 18376 | Lair:3   | Noticed Gastronok
 18547 | Lair:3   | Found a staircase to the Snake Pit.
 18589 | Lair:2   | Reached XP level 13. HP: 42/67 MP: 7/29
 18711 | Lair:3   | Reached skill level 5 in Stealth
 18874 | Lair:3   | Killed Gastronok
 19089 | Lair:3   | Reached ** piety under Vehumet
 19143 | Lair:3   | You fall into a shaft and drop 1 floor!
 19145 | Lair:4   | Offered knowledge of Foxfire by Vehumet.
 19494 | Lair:4   | Reached skill level 14 in Earth Magic
 19886 | Lair:4   | Found a runed translucent gate.
 19887 | Lair:4   | Found a runed translucent gate.
 19888 | Lair:4   | Found a runed translucent gate.
 19888 | Lair:4   | Noticed an acid blob
 19888 | Lair:4   | Noticed an azure jelly
 19888 | Lair:4   | Noticed an azure jelly
 19889 | Lair:4   | Noticed a quicksilver ooze
 19889 | Lair:4   | Noticed an acid blob
 19889 | Lair:4   | Noticed Bravepunisher's ghost (journeyman SpMo)
 19889 | Lair:4   | Noticed an azure jelly
 19889 | Lair:4   | Noticed an azure jelly
 19889 | Lair:4   | Noticed an acid blob
 19889 | Lair:4   | Noticed a rockslime
 19889 | Lair:4   | Noticed an acid blob
 19918 | Lair:4   | Found a staircase to the Swamp.
 20364 | Lair:4   | Found a viscous altar of Jiyva.
 20364 | Lair:4   | Found the +2 robe of Vines {NoPotionHeal Regen+++}
 20576 | Lair:5   | You fall into a shaft and drop 1 floor!
 20576 | Lair:6   | Entered Level 6 of the Lair of Beasts
 20576 | Lair:6   | Found a staircase to the Slime Pits.
 20826 | Lair:5   | Offered knowledge of Inner Flame by Vehumet.
 21206 | Lair:5   | Found a one-way gate to the infinite horrors of the Abyss.
 21206 | Lair:5   | Noticed Denysae's ghost (journeyman OgAr)
 21208 | Lair:5   | Found a transporter.
 21301 | Lair:5   | Found a transporter.
 21328 | Lair:5   | Reached *** piety under Vehumet
 21359 | Lair:5   | Reached skill level 5 in Fire Magic
 21895 | Lair:5   | Noticed a quicksilver dragon
 21896 | Lair:5   | Noticed a dire elephant
 21896 | Lair:5   | a quicksilver dragon changed into a dire elephant
 22012 | Lair:6   | Offered knowledge of Ignite Poison by Vehumet.
 22307 | Lair:6   | Noticed a dire elephant
 22307 | Lair:6   | Noticed a dire elephant
 22307 | Lair:6   | Noticed a dire elephant
 22657 | Lair:6   | Gained mutation: Your large and strong wings let you fly.
                  | [Gargoyle growth]
 22657 | Lair:6   | Reached XP level 14. HP: 72/72 MP: 21/31
 22722 | Lair:6   | HP: 2/72 [black mamba (11)]
 22724 | Lair:6   | Slain by a four-headed hydra

Illustrated notes

Levels and vault maps discovered:
D:1:      saegor_arrival_simple_c, layout_loops_cross
D:2:      layout_loops_corners, serial_shops, nicolae_shop_crystal, shop,
          uniq_robin
D:3:      layout_loops_ring, serial_shops, shop
D:4:      layout_loops_cross, grunt_ministairs_8, kennysheep_pointless_box,
          uniq_sigmund
D:5:      layout_gridville
D:6:      layout_basic, mainiacjoe_overflow_tiny_flanked, serial_bayou_pond_c,
          uniq_blork_the_orc
D:7:      layout_gridville, minmay_temple_entry_slanted, serial_shops, shop,
          uniq_duvessa
D:8:      lemuel_ice_statue, layout_loops_ring, gammafunk_ghost_hydra_chop,
          enter_ossuary_5, small_statue_intersection
D:9:      cheibrodos_frozen_isle, layout_basic, erik_lair_island
D:10:     layout_roguey, mainiacjoe_overflow_small_starburst,
          nzn_wu_jian_contemplation, evilmike_ruin_ashenzari
D:11:     minmay_cornered_nines, layout_loops_ring, gammafunk_ghost_grave,
          serial_shops, nicolae_stop_n_shop_1
D:12:     layout_irregular_city, david_orc_2, uniq_snorg
Temple:   nicolae_temple_no_exploring_needed
Lair:1:   layout_small_grid, serial_bayou_ford_a, lemuel_fruit_tree,
          lemuel_fruit_fields
Lair:2:   layout_long_grid, gammafunk_ghost_wrathful_warriors,
          hangedman_tree_tricks, beast_lair_carwin_1, uniq_harold
Lair:3:   layout_roguey, minmay_snake_entry_guardpost_small, grunt_megastairs_3,
          infiniplex_staircase_pool, uniq_gastronok
Lair:4:   layout_loops_ring, nicolae_swamp_entry_splash_gauntlet,
          gammafunk_ghost_ooze, grunt_megastairs_2
Lair:5:   layout_hall_layers, gammafunk_ghost_abyssal_escape, ice2_lemuel,
          infiniplex_staircase_pool_2
Lair:6:   due_jungle_book, layout_gridlike, nicolae_slime_entry_slimehenge

Skill      XL: |  1  2  3  4  5  6  7  8  9 10 11 12 13 |
---------------+----------------------------------------+-----
Earth Magic    | 4 5 6 7 8 9 10 12 13 14 | 14.6
Spellcasting   | 3 4 5 6 8 9 10 12 13 | 13.1
Conjurations   | 1 2 3 5 6 8 10 11 13 | 13.4
Armour         | 1 |  1.4
Stealth        | 3 4 5 |  5.2
Shields        | 3 4 |  4.0
Fighting       | 1 2 |  2.2
Short Blades   | 1 |  1.5
Transmutations | 1 |  1.0
Fire Magic     | 2 5 |  5.9
Staves         | |  0.2
Dodging        | |  1.8

Action                   |  1- 3 |  4- 6 |  7- 9 | 10-12 | 13-15 || total
-------------------------+-------+-------+-------+-------+-------++-------
Melee: Unarmed           |     1 |       |       |       |       ||     1
       Short sword       |       |       |     2 |    30 |       ||    32
       Staff             |       |       |       |     1 |    10 ||    11
 Cast: Sandblast         |    41 |    72 |    71 |   115 |    35 ||   334
       Stone Arrow       |       |     5 |   123 |   337 |   108 ||   573
       Petrify           |       |       |       |     2 |       ||     2
       Fireball          |       |       |       |       |    63 ||    63
  Use: Scroll            |       |     1 |     8 |     1 |     5 ||    15
       Potion            |       |       |       |     3 |     3 ||     6
 Stab: Petrified         |       |       |       |     6 |       ||     6
Armor: Robe              |     4 |     5 |    38 |   132 |    66 ||   245
       Leather armour    |       |     2 |       |       |       ||     2
Dodge: Dodged            |     5 |    21 |    47 |   152 |    82 ||   307
Block: Buckler           |       |       |    18 |    66 |    41 ||   125

Table legend: (Time is in decaauts)
 A = Elapsed time spent in this place.
 B = Non-inter-level travel time spent in this place.
 C = Inter-level travel time spent in this place.
 D = Time resting spent in this place.
 E = Time spent auto-exploring this place.
 F = Levels seen in this place.
 G = Mean time per level.
                   A        B        C        D        E       F      G
               +--------+--------+--------+--------+--------+-----+--------+
         Total |  22810 |  21080 |   1730 |   8971 |   9215 |  20 | 1140.5 |
       Dungeon |  14619 |  13335 |   1284 |   5401 |   6211 |  12 | 1218.2 |
        Temple |     21 |      4 |     17 |      0 |      0 |   1 |   21.0 |
          Lair |   7684 |   7256 |    428 |   3314 |   2910 |   6 | 1280.7 |
       Ossuary |    485 |    485 |      0 |    256 |     94 |   1 |  485.0 |
               +--------+--------+--------+--------+--------+-----+--------+

Top non-repeatable levels by time:
     D:9: 2327 daAuts
  Lair:2: 2059 daAuts
     D:7: 1735 daAuts
  Lair:5: 1532 daAuts
     D:4: 1357 daAuts
     D:6: 1323 daAuts
  Lair:4: 1319 daAuts
     D:5: 1300 daAuts
     D:1: 1192 daAuts
  Lair:1: 1152 daAuts
     D:2: 1144 daAuts
     D:3: 1137 daAuts
    D:11: 1126 daAuts
    D:10: 1089 daAuts
     D:8: 882 daAuts
